Map: King Sejong Station LE

Players

LiquidTLO (TLO) - Winner!

  • Race: Zerg Zerg
  • League: Master

Elroye

  • Race: Zerg Zerg
  • League: Master

Event: DreamHack ZOWIE Open Valencia 2016

VOD

Have the link to the VOD?

Description

Time

  • Played on: July 14, 2016, 9:04 a.m.
  • Length: 7:19

All games in this series

Show
View Real Time Build Order
Export as new Build Order

LiquidTLO Zerg - Winner!

Build Orders: Hatch First, Zergling Baneling 

Get SALT Encoding   

  12  0:01  Drone  
  13  0:12  Overlord  
  13  0:16  Drone  
  14  0:30  Drone x2  
  14  0:35  Drone  
  17  0:52  Hatchery  
  17  0:54  Drone  
  17  0:57  Drone  
  17  1:03  Extractor  
  17  1:13  Spawning Pool  
  17  1:15  Drone  
  17  1:19  Drone  
  18  1:27  Drone  
  19  1:38  Overlord  
  19  2:00  Queen  
  21  2:02  Drone  
  21  2:04  Queen  
  21  2:07  Drone x2  
  26  2:11  Drone  
  26  2:15  Drone  
  28  2:25  Hatchery  
  27  2:30  Metabolic Boost  
  27  2:33  Drone  
  27  2:36  Drone  
  29  2:39  Drone  
  30  2:44  Overlord  
  30  2:47  Drone  
  30  2:48  Drone  
  32  2:55  Baneling Nest  
  32  2:56  Zergling x2  
  32  2:59  Zergling x2  
  33  3:06  Drone  
  33  3:09  Drone  
  33  3:11  Drone  
  36  3:13  Drone x4  
  36  3:18  Drone  
  41  3:23  Overlord  
  41  3:25  Zergling x2  
  42  3:33  Zergling x4  
  44  3:38  Queen  
  46  3:41  Zergling x2  
  46  3:42  Zergling x6  
  46  3:45  Zergling x4  
  46  3:48  Zergling x4  
  53  3:49  Zergling x4  
  53  3:51  Zergling x2  
  53  3:52  Baneling  
  56  3:56  Baneling x2  
  56  3:59  Zergling x2  
  57  4:03  Overlord  
  57  4:04  Zergling x2  
  57  4:10  Baneling x2  
  57  4:15  Roach Warren  
  57  4:16  Extractor  
  57  4:17  Baneling x2  
  52  4:18  Drone x2  
  52  4:19  Zergling x2  
  52  4:20  Zergling x2  
  52  4:24  Zergling x4  
  57  4:26  Zergling x2  
  57  4:27  Baneling x2  
  57  4:30  Zergling x2  
  57  4:33  Zergling x2  
  57  4:35  Zergling x2  
  56  4:39  Zergling x2  
  56  4:43  Zergling x2  
  56  4:44  Baneling  
  57  4:46  Baneling  
  57  4:49  Zergling x2  
  57  4:53  Drone  
  57  4:56  Roach  
  60  5:01  Roach  
  62  5:07  Roach  
  62  5:13  Roach, Drone x2  
  60  5:16  Roach  
  60  5:19  Overlord x2  
  60  5:20  Drone  
  60  5:21  Drone  
  64  5:23  Drone  
  64  5:24  Drone, Overlord  
  66  5:29  Overlord  
  66  5:31  Overlord  
  66  5:35  Overlord  
  65  5:37  Overlord  
  65  5:41  Roach  
  67  5:43  Roach  
  67  5:48  Roach  
  67  5:49  Roach  
  71  5:50  Roach  
  71  5:53  Zergling x4  
  72  5:58  Roach  
  72  6:00  Roach  
  72  6:03  Baneling x2  
  76  6:05  Roach x2  
  76  6:08  Zergling x4  
  77  6:11  Zergling x2  
  77  6:12  Zergling x2  
  77  6:14  Zergling x4  
  79  6:19  Zergling x2  
  79  6:21  Zergling x2  
  79  6:23  Zergling x4  
  79  6:24  Zergling x4  
  79  6:25  Zergling x4  
  87  6:26  Zergling x2  
  87  6:30  Zergling x2  
  89  6:36  Roach  
  89  6:38  Zergling x2  
  90  6:41  Zergling x2, Ravager  
  90  6:45  Baneling x4  
  84  6:48  Zergling x2  
  84  6:49  Zergling x2  
  84  6:50  Evolution Chamber  
  84  6:53  Roach  
  86  6:57  Zergling x4, Drone  
  86  6:58  Roach  
Show
View Real Time Build Order
Export as new Build Order

Elroye Zerg 

Build Orders: 3 Hatch before Pool, Zergling Baneling 

Get SALT Encoding   

  12  0:00  Drone  
  13  0:12  Overlord  
  13  0:17  Drone  
  14  0:30  Drone x2  
  14  0:34  Drone  
  17  0:53  Hatchery  
  17  0:56  Drone  
  17  1:15  Hatchery  
  17  1:18  Drone  
  17  1:20  Drone  
  18  1:26  Extractor  
  17  1:37  Spawning Pool  
  17  1:39  Drone  
  17  1:42  Drone  
  17  1:45  Drone  
  19  2:13  Drone  
  20  2:18  Drone  
  20  2:19  Drone  
  22  2:23  Queen x2  
  22  2:27  Metabolic Boost  
  22  2:29  Zergling x2  
  27  2:36  Queen  
  29  2:39  Drone  
  29  2:42  Drone  
  31  2:45  Drone  
  31  2:50  Baneling Nest  
  31  2:52  Drone  
  32  2:59  Overlord  
  32  3:03  Drone  
  33  3:06  Drone  
  34  3:17  Zergling x4  
  34  3:18  Zergling x6  
  39  3:23  Zergling x6  
  42  3:36  Overlord  
  42  3:41  Overlord  
  41  3:54  Zergling x16  
  49  3:56  Baneling  
  49  3:57  Baneling x3  
  49  4:03  Overlord  
  49  4:08  Zergling x10  
  54  4:10  Zergling x2  
  48  4:28  Zergling x2  
  48  4:29  Zergling x12  
  50  4:35  Zergling x4  
  42  4:43  Drone  
  42  4:44  Drone x2  
  41  4:54  Baneling x4  
  40  5:00  Drone x3  
  41  5:15  Baneling x4  
  41  5:16  Drone  
  41  5:17  Drone x2  
  41  5:19  Drone x2  
  41  5:20  Drone x2  
  43  5:49  Drone  
  38  5:50  Drone x8  
  46  6:01  Zergling x6  
  46  6:02  Zergling x6, Roach Warren  
  51  6:06  Zergling x4  
  51  6:12  Zergling x6  
  51  6:18  Zergling x6  
  53  6:26  Zergling x6  
  54  6:35  Zergling x8  
  56  6:46  Roach x4  
  56  6:47  Roach  
  64  6:52  Overlord  
  63  6:57  Baneling x4  
  63  6:58  Roach  
  63  7:00  Roach  
  65  7:01  Zergling x2  

Tags
 
Add a new tag
Caveats
  • Supply blocks, unpowered buildings, or Contaminate may cause inaccurate times.
  • Supply counts are checked every 10 seconds.